 Dungeon Crawl Stone Soup version 0.30-a0-782-ge64f9170bb (webtiles) character file.

Game seed: 5093859073005591035

180 jt the Trooper (level 5, -2/42 HPs)
             Began as a Mummy Fighter on Feb 18, 2023.
             Was a Follower of Cheibriados.
             Slain by a gnoll
             ... wielding a +0 flail
              (5 damage)
             ... on level 4 of the Dungeon.
             The game lasted 00:04:46 (2311 turns).

jt the Trooper (Mummy Fighter)                      Turns: 2311, Time: 00:04:47

Health: -2/42      AC: 10    Str: 28    XL:     5   Next: 33%
Magic:  5/5        EV:  8    Int: 12    God:    Cheibriados [*.....]
Gold:   107        SH:  5    Dex: 15    Spells: 4/4 levels left

rFire   x . .      SeeInvis .    l - +2 whip (venom)
rCold   + + .      Faith    +    c - +0 buckler
rNeg    + + +      Spirit   .    b - +1 chain mail {rC+}
rPois   ∞          Reflect  .    (no helmet)
rElec   .          Harm     .    (no cloak)
rCorr   .          Rampage  .    (no gloves)
Will    .....                    (no boots) Stlth
                                 (no amulet)
HPRegen 0.27/turn                o - +6 ring of strength
MPRegen 0.09/turn                (no ring)

@: about to teleport, very slow
A: cold resistance 1, negative energy resistance 3, torment resistance 2, heat
vulnerability 1, in touch with death 1, no potions, faith
a: Renounce Religion, Bend Time


You were on level 4 of the Dungeon.
You worshipped Cheibriados.
Cheibriados was aware of your devotion.
You visited 1 branch of the dungeon, and saw 4 of its levels.

You collected 107 gold pieces.

Inventory:

Hand Weapons
 a - a +0 war axe
 e - a +0 sling
 h - a +0 spear
 l - a +2 whip of venom (weapon)
 m - a +2 long sword of electrocution
Missiles
 i - 5 atropa-tipped darts (quivered)
 k - 31 stones
Armour
 b - a +1 chain mail of cold resistance (worn)
 c - a +0 buckler (worn)
 g - a +0 plate armour
Magical Staves
 j - a staff of conjuration
Jewellery
 o - a +6 ring of strength (left hand)
Scrolls
 d - 2 scrolls of identify
 f - a scroll of vulnerability
 n - a scroll of torment


   Skills:
 + Level 3.8 Fighting
 * Level 3.2 Axes
 + Level 2.9 Armour
 + Level 3.1 Shields


You had 4 spell levels left.
You didn't know any spells.
Your spell library contained the following spells:

 Spells                   Type           Power      Damage    Failure   Level
 Slow                     Hex            0%         N/A       94%         1
 Confusing Touch          Hex            0%         N/A       100%        3
 Ozocubu's Armour         Ice            0%         N/A       100%        3
 Vampiric Draining        Necr           0%         2d6       100%        3
 Metabolic Englaciation   Hex/Ice        0%         N/A       100%        5
 Simulacrum               Ice/Necr       0%         N/A       100%        6


Dungeon Overview and Level Annotations

Branches:
Dungeon (4/15)
 Temple: D:4-7

Altars:
Cheibriados

Shops:
D:2 (


Innate Abilities, Weirdness & Mutations

You are immune to poison.
Your flesh is cold resistant. (rC+)
You are immune to negative energy. (rN+++)
You are immune to unholy pain and torment.
You are vulnerable to heat. (rF-)
You are in touch with the powers of death.
You do not drink.
You have a special connection with the divine. (Faith)


Message History

The gnoll hits you with a +0 flail.
You hit the gnoll.
The gnoll is poisoned.
The gnoll is moderately wounded.
The ice beast hits you. The ice beast freezes you. You resist.
The gnoll hits you with a +0 whip. The gnoll hits you with a +0 flail!
You aren't carrying any items that you can evoke.
Okay, then.
You hit the ice beast.
The ice beast is lightly wounded.
The gnoll hits you with a +0 flail. The gnoll hits you but does no damage.
The ice beast hits you but does no damage.
You hit the ice beast but do no damage.
The ice beast is lightly wounded.
You kill the gnoll!
Cheibriados appreciates the change of pace.
You block the gnoll's attack.
The ice beast hits you but does no damage.
The gnoll hits you with a +0 flail.
The ice beast hits you but does no damage.
You hit the giant cockroach.
The giant cockroach is severely wounded.
The giant cockroach barely misses you. The ice beast barely misses you.
The giant cockroach bites you but does no damage.
The gnoll hits you with a +0 flail.
* * * LOW HITPOINT WARNING * * *
You hit the ice beast.
The ice beast is moderately wounded.
The giant cockroach bites you.
* * * LOW HITPOINT WARNING * * *
The ice beast hits you but does no damage.
The gnoll hits you with a +0 flail!
* * * LOW HITPOINT WARNING * * *
Okay, then.
You aren't carrying any items that you can evoke.
As you read the scroll of teleportation, it crumbles to dust.
You feel strangely unstable.
The giant cockroach bites you but does no damage.
The ice beast hits you but does no damage.
The gnoll hits you with a +0 flail.
You die...

##. .. . ###.. ..#
.###.#.## ..# ......#
..# . #..#.##
##..###..
#..#..#####........
#####!...............
#............).Y.#
#.......##.###@Bg#
.##.......##.# ##g.#
..........##.# ..#
....###.####.### ..#
....# #......... .>.
....###.####.### #...
.............# )...
....#......#... .....
....'........#


You could see an ice beast, 2 gnolls and a giant cockroach.

Vanquished Creatures
  Terence (D:3)
  Jessica (D:3)
  3 adders
  5 gnolls
  2 worms (D:2)
  A dart slug (D:2)
  An orc (D:4)
  2 endoplasms (D:3)
  A giant cockroach (D:3)
  2 goblins (D:1)
  4 hobgoblins
  2 quokkas
  6 ball pythons
  4 bats
  5 frilled lizards
  7 kobolds
  4 rats
51 creatures vanquished.

Notes
Turn   | Place    | Note
-------+----------+-------------------------------------------
     0 | D:1      | jt the Mummy Fighter began the quest for the Orb.
     0 | D:1      | Reached XP level 1. HP: 18/18 MP: 1/1
   230 | D:1      | Reached XP level 2. HP: 24/24 MP: 2/2
   503 | D:1      | Found a snail-covered altar of Cheibriados.
   548 | D:2      | Found Ukhli's Antique Weapon Shop.
   624 | D:2      | Identified the +1 robe of the Equator {Rampage Fly Stlth+}
   740 | D:1      | Became a worshipper of Cheibriados the Contemplative
  1147 | D:2      | Gained mutation: You are in touch with the powers of death.
                  | [Mummy growth]
  1147 | D:2      | Reached XP level 3. HP: 29/29 MP: 3/3
  1256 | D:3      | Reached XP level 4. HP: 26/35 MP: 4/4
  1454 | D:3      | Reached * piety under Cheibriados
  1456 | D:3      | Noticed Jessica
  1461 | D:3      | Killed Jessica
  1512 | D:3      | Noticed Terence
  1521 | D:3      | Killed Terence
  1522 | D:3      | Reached XP level 5. HP: 37/42 MP: 5/5
  2300 | D:4      | Noticed an ice beast
  2311 | D:4      | Slain by a gnoll

Illustrated notes

Levels and vault maps discovered:
D:1:      dpeg_arrival_water_altar, layout_rooms
D:2:      layout_rooms, serial_shops, shop, nicolae_wormholes
D:3:      layout_loops_ring, serial_rivers, chequers_serial_rivers_large_a,
          chequers_serial_rivers_large_b, chequers_serial_rivers_micro_a,
          chequers_serial_rivers_small_3, chequers_serial_rivers_micro_a,
          uniq_jessica, uniq_terence
D:4:      cheibrodos_quashed, layout_basic, mainiacjoe_overflow_surrounded_room,
          kennysheep_generic_room_16, uniq_blork_the_orc

Skill      XL: |  1  2  3  4 |
---------------+-------------+-----
Axes           | 2 3 |  3.2
Shields        | 3 |  3.1
Fighting       | |  3.8
Armour         | |  2.9

Action                     |  1- 3 |  4- 6 || total
---------------------------+-------+-------++-------
  Melee: War axe           |    60 |       ||    60
         Whip              |    27 |    61 ||    88
    Use: Scroll            |     1 |     4 ||     5
 Armour: Scale mail        |    26 |       ||    26
         Plate armour      |    14 |    17 ||    31
         Chain mail        |       |    12 ||    12
  Dodge: Dodged            |    38 |    10 ||    48
  Block: Buckler           |    23 |    12 ||    35

Table legend: (Time is in decaauts)
 A = Elapsed time spent in this place.
 B = Non-inter-level travel time spent in this place.
 C = Inter-level travel time spent in this place.
 D = Time resting spent in this place.
 E = Time spent auto-exploring this place.
 F = Levels seen in this place.
 G = Mean time per level.
                   A        B        C        D        E       F      G
               +--------+--------+--------+--------+--------+-----+--------+
         Total |   2843 |   2629 |    214 |     85 |   1884 |   4 |  710.8 |
       Dungeon |   2843 |   2629 |    214 |     85 |   1884 |   4 |  710.8 |
               +--------+--------+--------+--------+--------+-----+--------+

Top non-repeatable levels by time:
     D:3: 1345 daAuts
     D:2: 736 daAuts
     D:1: 699 daAuts
     D:4: 62 daAuts
